 Dungeon Crawl Stone Soup version 0.21-a0-2-ge494091 (webtiles) character file.

969541 IMPORTEDLAJATANG the Slayer (level 27, -4/247 HPs)
             Began as a Mummy Wanderer on May 6, 2017.
             Was an Initiate of Gozag.
             Slain by an eldritch tentacle (7 damage)
             ... called by the effects of Hell
             ... on level 4 of Gehenna on May 23, 2017.
             The game lasted 09:37:54 (154327 turns).

IMPORTEDLAJATANG the Slayer (Mummy Wanderer)      Turns: 154327, Time: 09:37:54

Health: -4/247     AC: 33    Str: 25      XL:     27
Magic:  44/44      EV: 34    Int: 15      God:    Gozag
Gold:   7438       SH:  0    Dex: 19 (24) Spells: 39/60 levels left

rFire    + + +     SeeInvis +   a - +7 great mace "Firestarter" {inner flame, rF++}
rCold    . . .     Gourm    .   (shield currently unavailable)
rNeg     + + +     Faith    .   y - +4 chain mail of Tuoca {rF++ rC- Str-4 Slay+5}
rPois    ∞         Spirit   .   f - +2 helmet {SInv}
rElec    +         Reflect  .   l - scarf "Trusted Companion" {rPois rF+ MR+ Int+2 SInv}
rCorr    .         Harm     .   G - +0 pair of gloves "Zesia" {Str+6}
MR       ++++.                  o - +2 pair of boots {run}
Stlth    +++.......             t - amulet of the Air {Inacc +Fly rElec EV+5 RMsl}
Regen    0.6/turn               R - +5 ring of protection
MPRegen  0.3/turn               p - ring "Iriteqap" {rF+ EV+3 Dex+4 Stlth+}

@: agile, hasted, repel missiles, very quick
A: no food or potions, fire vulnerability, cold resistance 1, negative energy
resistance 3, torment resistance, unbreathing, in touch with death 2
}: 8/15 runes: barnacled, slimy, abyssal, glowing, magical, fiery, dark,
gossamer
a: Potion Petition, Call Merchant, Bribe Branch, Renounce Religion, Evoke Flight


You were on level 4 of Gehenna.
You worshipped Gozag.
Gozag was greatly pleased with you.
You were not hungry.

You visited 14 branches of the dungeon, and saw 61 of its levels.
You visited Pandemonium 2 times, and saw 30 of its levels.
You visited the Abyss 2 times.
You also visited: Labyrinth, Trove, Ice Cave and Wizlab.

You collected 46644 gold pieces.
You spent 7828 gold pieces at shops.
You paid 31378 gold pieces to Gozag.

Inventory:

Hand Weapons
 a - the +7 great mace "Firestarter" (weapon) {inner flame, rF++}
   (You bought it in a shop on level 7 of the Dungeon)

   It has been specially enchanted to burn those struck by it, causing extra
   injury to most foes and up to half again as much damage against particularly
   susceptible opponents.
   It greatly protects you from fire.
 b - the +12 hand crossbow of the Original Sin {flame, -Tele rC+ MP+9 Dex+3}
   (You found it in Pandemonium)

   It causes projectiles fired from it to burn those they strike, causing extra
   injury to most foes and up to half again as much damage against particularly
   susceptible opponents.
   It affects your dexterity (+3).
   It protects you from cold.
   It affects your magic capacity (+9).
   It prevents most forms of teleportation.
 c - a +9 eveningstar of flaming
Missiles
 A - 5 throwing nets {=f, !d}
 L - 483 bolts
Armour
 f - a +2 helmet of see invisible (worn)
 g - a +2 crystal plate armour
 l - the scarf "Trusted Companion" (worn) {rPois rF+ MR+ Int+2 SInv}
   (You acquired it on level 3 of the Depths)

   It affects your intelligence (+2).
   It protects you from fire.
   It protects you from poison.
   It affects your resistance to hostile enchantments.
   It lets you see invisible.
 o - a +2 pair of boots of running (worn)
 x - the +7 shield "Giacs" {rCorr}
   (You bought it in a shop on level 1 of the Elven Halls)

   It protects you from acid and corrosion.
 y - the +4 chain mail of Tuoca (worn) {rF++ rC- Str-4 Slay+5}
   (You bought it in a shop on level 1 of the Elven Halls)

   It affects your strength (-4).
   It affects your accuracy and damage with ranged weapons and melee attacks
   (+5).
   It greatly protects you from fire.
   It makes you vulnerable to cold.
 G - the +0 pair of gloves "Zesia" (worn) {Str+6}
   (You found it on level 1 of the Elven Halls)

   It affects your strength (+6).
Jewellery
 p - the ring "Iriteqap" (right hand) {rF+ EV+3 Dex+4 Stlth+}
   (You bought it in a shop on level 2 of the Orcish Mines)

   [ring of evasion]

   It affects your evasion (+3).
   It affects your dexterity (+4).
   It protects you from fire.
   It makes you more stealthy.
 t - the amulet of the Air (around neck) {Inacc +Fly rElec EV+5 RMsl}
   (You found it on level 2 of the Depths)

   [amulet of inaccuracy]

   It reduces the accuracy of all your attacks.
   It affects your evasion (+5).
   It insulates you from electricity.
   It lets you fly.
   It protects you from missiles.
 H - the ring "Rarof" {rC+ Slay+6}
   (You found it on level 5 of the Pits of Slime)

   [ring of protection from cold]

   It affects your accuracy and damage with ranged weapons and melee attacks
   (+6).
   It protects you from cold.
 I - the ring of Wass {+Inv rElec rPois Str-4 Int+4}
   (You found it on level 3 of the Realm of Zot)

   [ring of poison resistance]

   It affects your strength (-4).
   It affects your intelligence (+4).
   It insulates you from electricity.
   It protects you from poison.
   It lets you turn invisible.
 P - the ring "Abyn" {MR+ Str+5 Stlth+}
   (You found it on level 4 of the Lair of Beasts)

   [ring of strength]

   It affects your strength (+5).
   It affects your resistance to hostile enchantments.
   It makes you more stealthy.
 R - a +5 ring of protection (left hand)
Wands
 q - a wand of lightning (7/15)
 u - a wand of paralysis (7/24)
 v - a wand of random effects (14/48)
 F - a wand of acid (8/15)
 Q - a wand of digging (12/24)
 V - a wand of enslavement (6/24)
 W - a wand of random effects (24/48)
 X - a wand of iceblast (5/15)
 Y - a wand of confusion (7/48)
Scrolls
 e - 6 scrolls of enchant weapon
 h - 10 scrolls of fear
 i - 4 scrolls of silence
 j - 5 scrolls of enchant armour
 k - a scroll of torment
 m - 33 scrolls of remove curse {@r2}
 B - a scroll of magic mapping
 D - 2 scrolls of summoning
 K - 9 scrolls of fog
 M - 10 scrolls of teleportation {@r4}
 O - 2 scrolls of amnesia
 T - 6 scrolls of recharging
 U - 11 scrolls of identify {@r1}
Books
 r - a book of Unlife

   Spells                             Type                      Level
   a - Recall                         Summoning/Translocation      3
   b - Animate Dead                   Necromancy                   4
   c - Control Undead                 Necromancy                   4
   d - Cigotuvi's Embrace             Necromancy                   5
   e - Death Channel                  Necromancy                   6
   f - Simulacrum                     Ice/Necromancy               6
 z - Sif Muna's Guide on Conjuration and Evil Secrets
   (You found it in a treasure trove)

   Spells                             Type                      Level
   a - Lightning Bolt                 Conjuration/Air              5
   b - Agony                          Necromancy                   5
   c - Lehudib's Crystal Spear        Conjuration/Earth            8
   d - Chain Lightning                Conjuration/Air              8
 Z - the Almanac of Supportive Sinister Magic
   (You found it on level 5 of the Pits of Slime)

   Spells                             Type                      Level
   a - Animate Skeleton               Necromancy                   1
   b - Summon Small Mammal            Summoning                    1
   c - Regeneration                   Charms/Necromancy            3
   d - Summon Guardian Golem          Hexes/Summoning              3
   e - Bolt of Draining               Conjuration/Necromancy       5
   f - Simulacrum                     Ice/Necromancy               6
Miscellaneous
 d - the horn of Geryon
 n - 3 phantom mirrors
 s - a lightning rod (4/4)
 w - 2 sacks of spiders
 C - a lamp of fire
 E - 3 boxes of beasts
 J - a lightning rod (4/4) {!a}
 N - a fan of gales
 S - a phial of floods


   Skills:
 + Level 26.9 Fighting
   Level 14.0 Short Blades
 - Level 20.4 Maces & Flails
 - Level 11.1 Crossbows
 - Level 3.4 Throwing
 + Level 19.2 Armour
 + Level 17.1 Dodging
 - Level 9.0 Stealth
 - Level 14.7 Shields
 - Level 1.0 Unarmed Combat
 - Level 17.4 Spellcasting
 - Level 18.0 Necromancy
 - Level 4.0 Translocations
 + Level 14.9 Evocations


You had 39 spell levels left.
You knew the following spells:

 Your Spells              Type           Power        Failure   Level  Hunger
a - Apportation           Tloc           ####..       2%          1    N/A
b - Blink                 Tloc           N/A          4%          2    N/A
c - Control Undead        Necr           ########..   1%          4    N/A
d - Death Channel         Necr           ########..   1%          6    N/A
u - Dispel Undead         Necr           ########     1%          5    N/A
v - Vampiric Draining     Necr           ########..   1%          3    N/A

Dungeon Overview and Level Annotations

Branches:
Dungeon (15/15)            Temple (1/1) D:6            Lair (6/6) D:8
 Shoals (4/4) Lair:4       Spider (4/4) Lair:2        Slime (5/5) Lair:5
    Orc (2/2) D:12            Elf (3/3) Orc:2        Vaults (4/5) D:14
  Crypt (3/3) Vaults:2       Tomb (0/3) Crypt:3      Depths (5/5) D:15
   Hell (1/1)                 Dis (0/7) Hell            Geh (4/7) Hell
    Coc (0/7) Hell            Tar (0/7) Hell            Zot (4/5) Depths:5

Altars:
Ashenzari
Cheibriados
Dithmenos
Elyvilon
Fedhas
Gozag
Hepliaklqana
Kikubaaqudgha
Makhleb
Nemelex Xobeh
Okawaru
Qazlal
Ru
Sif Muna
Trog
Uskayaw
Vehumet
Wu Jian
Xom
Yredelemnul
Zin
The Shining One
Beogh
Jiyva

Shops:
D:5 (   D:7 (   Orc:2 !!!=   Elf:1 ?[   Elf:2 !   Elf:3 !*%[   Depths:1 *?:
Depths:3 **!!   Depths:5 :*[

Portals:
Hell: Depths:1 Depths:2 Depths:3 Depths:4 Depths:5
Abyss: Depths:4 Depths:5
Pandemonium: Depths:3
Ziggurat: Depths:2

Annotations:
D:3 exclusion: downstairs
D:4 exclusion: downstairs
D:7 exclusions: 2 doors and downstairs
D:13 exclusion: 2 downstairs, bombasticus's ghost, journeyman MiBe
Slime:4 Dissolution
Elf:2 3 runed doors


Innate Abilities, Weirdness & Mutations

You do not eat or drink.
Your flesh is vulnerable to fire.
You are immune to poison.
Your flesh is cold resistant. (rC+)
You are immune to negative energy. (rN+++)
You are immune to unholy pain and torment.
You can survive without breathing.
You are strongly in touch with the powers of death.


Message History

[a] - 754 gold - resistance, might, agility and invisibility [b] - 336 gold - haste and agility [c] - 528 gold - resistance, might and haste Purchase which effect? [a] - 754 gold - resistance, might, agility and invisibility [b] - 336 gold - haste and agility [c] - 528 gold - resistance, might and haste Purchase which effect? [a] - 754 gold - resistance, might, agility and invisibility [b] - 336 gold - haste and agility [c] - 528 gold - resistance, might and haste Purchase which effect?
You feel yourself speed up.
You feel agile all of a sudden.
The eldritch tentacle slaps you but does no damage.
The eldritch tentacle claws you!
* * * LOW HITPOINT WARNING * * *
The eldritch tentacle shocks you! You resist.
You die...
Your body crumbles into a pile of gold.

≈≈.§§# ≈≈≈##
≈≈.$≈§##≈§§§$.
#≈§$.≈§≈...$.#
#§.$§...$$$.
≈.........###
.$........##
#$##∩$.$..##
##$$##$..$..##
#$$$∩')$$@*..#
#$.$$##$)w≈....§§
##$$####.......§≈
#### ##......§§
#........
#........
#...$....
#...$....


You could see an eldritch tentacle.

Vanquished Creatures
  the Royal Jelly (Slime:5)
  7 pandemonium lords (Pan)
  Mnoleg (Pan)
  3 ancient liches (Crypt:3)
  Frederick (Depths:5)
  Saint Roka (Orc:2)
  Xtahua (Depths:3)
  2 curse toes
  2 golden dragons
  A caustic shrike (Depths:2)
  Geryon (Hell)
  3 bone dragons
  2 Tzitzimimeh (Pan)
  9 Brimstone Fiends
  2 electric golems
  4 Ice Fiends (Pan)
  Rupert (Lair:5)
  13 tentacled monstrosities
  3 Hell Sentinels (Pan)
  Asterion (Lair:2)
  7 quicksilver dragons
  4 deep elf blademasters
  7 liches
  2 deep elf master archers (Elf:3)
  The ghost of bombasticus the Severer, an adept MiBe of Trog (Spider:4)
  18 acid blobs
  4 death cobs
  22 Executioners
  21 tentacled starspawn
  3 sphinxes (Depths:2)
  Kirke (Spider:1)
  7 storm dragons
  5 shadow dragons
  5 tengu reavers
  3 ancient champions
  7 revenants
  Donald (Spider:1)
  Ilsuiw (Shoals:4)
  8 fire giants
  2 daevas
  6 deep elf sorcerers
  11 azure jellies
  12 frost giants
  8 blood saints (Pan)
  11 draconian monks
  2 draconian knights
  Louise (Spider:2)
  4 draconian scorchers
  13 vault wardens
  6 ghost moths
  6 emperor scorpions
  8 black suns (Pan)
  6 warmongers (Pan)
  22 cacodemons
  4 orc warlords
  An iron dragon (Depths:3)
  30 balrugs
  18 ironheart preservers
  3 draconian shifters
  9 deep elf elementalists
  3 spriggan defenders
  2 draconian stormcallers
  9 ghouls
  Aizul (Spider:1)
  6 angels (Pan)
  4 curse skulls
  25 reapers
  5 draconian annihilators
  5 war gargoyles
  36 very ugly things
  25 stone giants
  12 green draconians
  4 vampire knights
  4 entropy weavers
  Nessos (D:15)
  8 apis (Pan)
  2 ophanim (Pan)
  8 corrupters (Pan)
  17 lorocyprocas
  17 red draconians
  8 yellow draconians
  5 deep elf demonologists
  11 black draconians
  10 deep elf annihilators
  A dire elephant (Abyss:3)
  10 spark wasps
  11 purple draconians
  11 white draconians
  18 blizzard demons
  The ghost of edsrzf the Impaler, a journeyman MfWn of Okawaru (D:11)
  19 green deaths
  12 merfolk impalers
  16 ettins
  3 merfolk javelineers (Shoals:4)
  3 crystal guardians (WizLab)
  9 jiangshi
  6 eidola
  A minotaur (Lab)
  7 death oozes
  15 fire dragons
  11 deep elf death magi
  15 great orbs of eyes
  Josephine (D:14)
  A quicksilver dragon skeleton (Pan)
  18 yaktaur captains
  4 hell beasts
  A servant of whispers (Elf:1)
  9 rakshasas
  13 vault guards
  7 monstrous demonspawn (Pan)
  15 ice dragons
  2 naga warriors (Abyss:3)
  8 hydras
  5 deep elf high priests (Elf:3)
  6 merfolk avatars
  9 spriggan air magi
  16 centaur warriors
  A catoblepas (Lair:6)
  6 merfolk aquamancers
  81 two-headed ogres
  3 alligator snapping turtles
  16 deep troll earth magi
  A two-headed ogre (shapeshifter) (Vaults:2)
  7 tengu warriors
  3 dancing weapons (Elf:3)
  24 ogre magi
  8 death knights
  3 titan zombies
  4 spriggan berserkers
  12 deep troll shamans
  8 thrashing horrors
  10 vampire magi
  Nergalle (Lair:1)
  Urug (Orc:2)
  6 orc high priests
  13 hell hogs
  28 deep elf knights
  3 spriggans
  52 sun demons
  Sonja (Lair:4)
  2 iron golems
  26 soul eaters
  A storm dragon zombie (Crypt:3)
  2 titan skeletons
  4 storm dragon skeletons
  6 flayed ghosts
  4 iron trolls
  A fire crab (shapeshifter) (Depths:3)
  13 shadow wraiths
  30 sixfirhies
  10 wretched stars
  2 anaconda zombies
  14 sea snakes
  8 unseen horrors
  51 hell knights
  5 infernal demonspawn (Pan)
  44 skeletal warriors
  A spatial maelstrom (Abyss:2)
  3 unseen horrors (shapeshifter)
  11 torturous demonspawn (Pan)
  12 wizards
  2 cherubim (Pan)
  A quicksilver dragon simulacrum (Abyss:2)
  2 orange crystal statues
  42 deep trolls
  10 shadow demons
  An anaconda skeleton (Crypt:3)
  A golden dragon zombie (Crypt:3)
  7 gelid demonspawn (Pan)
  26 deep elf archers
  A glowing orange brain (shapeshifter) (Vaults:4)
  2 shambling mangroves (Abyss:3)
  4 death drakes
  4 swamp dragons
  24 ironbrand convokers
  8 harpies
  3 golden dragon skeletons
  18 necromancers
  19 orc knights
  Pikel (D:7)
  6 lindwurms
  A lindwurm (shapeshifter) (Depths:3)
  2 stone giant zombies
  11 glowing orange brains
  A shadow dragon skeleton (Abyss:3)
  13 shining eyes
  24 orb spiders
  2 iron dragon zombies
  39 wolf spiders
  2 wolf spider zombies
  2 fire giant zombies
  5 cyclopes
  16 manticores
  6 phantasmal warriors
  65 ugly things
  2 oklob plants (Lair:5)
  A salamander (Depths:1)
  6 orc sorcerers
  75 deep elf magi
  12 worldbinders
  24 moths of wrath
  2 fire giant skeletons
  5 fauns
  2 frost giant skeletons
  15 starcursed masses
  3 frost giant zombies
  A guardian serpent (Abyss:3)
  2 stone giant skeletons
  An iron dragon skeleton (Crypt:3)
  A black mamba (shapeshifter) (Depths:2)
  12 rust devils
  8 water nymphs
  3 black mambas
  3 torpor snails
  12 elephants
  8 eyes of devastation
  12 merfolk sirens
  35 smoke demons
  20 orange demons
  4 ice statues
  4 centaur zombies
  2 molten gargoyles
  18 vault sentinels
  A storm dragon simulacrum (Crypt:2)
  7 gargoyles
  A spriggan zombie (Depths:4)
  A centaur skeleton (D:15)
  2 dire elephant zombies
  14 spiny frogs
  A kobold demonologist (D:15)
  A shock serpent skeleton (Crypt:3)
  A purple draconian zombie (Crypt:1)
  5 spectral swamp worms (Depths:4)
  A pale draconian zombie (Crypt:2)
  13 hellions
  A dire elephant skeleton (Geh:3)
  14 ice devils
  A yaktaur zombie (Vaults:3)
  8 efreet
  2 emperor scorpion zombies
  6 komodo dragons
  5 rime drakes
  18 freezing wraiths
  31 demonic crawlers
  5 tengu conjurers
  15 tormentors
  A catoblepas skeleton (Geh:1)
  An iron troll zombie (Crypt:1)
  85 yaktaurs
  8 ancient zymes
  30 red devils
  32 merfolk
  9 polar bears (Lair:6)
  20 hellwings
  47 jumping spiders
  A queen bee (shapeshifter) (Depths:3)
  3 meliai (shapeshifter)
  71 large abominations
  A hydra zombie (Hell)
  A hornet (shapeshifter) (Depths:3)
  11 trolls
  21 hippogriffs
  4 wind drakes
  2 saltlings (Elf:1)
  3 hydra skeletons
  13 raiju
  15 blink frogs
  A fire giant simulacrum (Depths:1)
  3 ice dragon zombies
  2 raiju (shapeshifter)
  27 hornets
  13 dream sheep
  A snapping turtle (shapeshifter) (Vaults:1)
  2 alligator skeletons (Hell)
  3 bog bodies
  102 slime creatures
  14 snapping turtles
  19 flying skulls
  A fire dragon zombie (Abyss:3)
  2 fire dragon skeletons
  A guardian serpent skeleton (Crypt:2)
  48 redbacks
  7 vampires
  15 air elementals
  4 ettin skeletons
  7 wyverns
  28 ynoxinuls
  36 tarantellas
  2 spriggan skeletons
  A tarantella (shapeshifter) (Depths:3)
  52 yaks
  10 shadows
  A yak (shapeshifter) (Elf:1)
  A steam dragon (shapeshifter) (Depths:3)
  12 water elementals
  A hog (shapeshifter) (Depths:3)
  26 wraiths
  18 fire elementals
  12 golden eyes
  A golden eye (shapeshifter) (Vaults:4)
  3 hogs
  16 humans
  A basilisk (shapeshifter) (Vaults:3)
  23 chaos spawn
  5 fire bats
  6 hungry ghosts
  4 vampire mosquitoes (D:14)
  28 neqoxecs
  3 basilisks
  A warg (shapeshifter) (Depths:3)
  Menkaure (D:4)
  Edmund (D:4)
  6 acid dragons
  5 insubstantial wisps (Abyss:3)
  A yaktaur simulacrum (Vaults:3)
  11 wargs
  A soldier ant (shapeshifter) (Depths:3)
  15 water moccasins
  A monstrous demonspawn zombie (Crypt:2)
  29 hell hounds
  3 spiny frog zombies
  A hydra simulacrum (IceCv)
  A gelid demonspawn skeleton (Geh:2)
  4 porcupines
  8 ice beasts
  2 floating eyes
  4 swamp drakes
  A spiny frog skeleton (Pan)
  3 alligator simulacra (Hell)
  8 sky beasts
  2 eyes of draining (shapeshifter)
  13 black bears
  90 orc warriors
  4 phantoms
  10 necrophages
  An ice dragon simulacrum (Abyss:3)
  54 ogres
  36 wolves
  18 boggarts
  47 centaurs
  11 eyes of draining
  An ogre (shapeshifter) (Depths:3)
  2 snapping turtle skeletons
  21 crocodiles
  A manticore skeleton (Crypt:2)
  4 big kobolds
  25 bullfrogs
  A draconian skeleton (Crypt:2)
  A gnoll sergeant (D:9)
  A salamander skeleton (Crypt:1)
  A komodo dragon skeleton (Crypt:2)
  An elf skeleton (Crypt:2)
  4 earth elementals
  8 scorpions
  A warg skeleton (Crypt:1)
  15 killer bees
  A troll zombie (Crypt:1)
  A water moccasin skeleton (D:9)
  2 howler monkeys (D:10)
  63 wights
  4 electric eels
  A wolf skeleton (Crypt:2)
  An elf simulacrum (Abyss:1)
  A bullfrog zombie (D:12)
  17 crimson imps
  4 quasits
  6 jellies
  54 orc priests
  2 hounds
  35 orc wizards
  3 bullfrog skeletons
  5 iguanas
  4 iron imps
  A human skeleton (Crypt:2)
  11 worker ants
  A dwarf zombie (Crypt:1)
  28 small abominations
  2 centaur simulacra
  A hound zombie (D:5)
  2 hound skeletons
  A howler monkey zombie (D:9)
  A worker ant zombie (D:5)
  11 adders
  3 gnolls (D:9)
  4 shadow imps
  4 white imps
  4 ufetubi
  2 oozes
  An adder skeleton (D:4)
  4 worms
  A worm (shapeshifter) (Depths:3)
  4 dart slugs
  3 leopard geckos
  169 orcs
  6 bats
  5 giant cockroaches
  A gnoll zombie (Crypt:1)
  7 goblins
  8 hobgoblins
  10 jackals
  4 quokkas
  A ball python (D:4)
  6 frilled lizards
  A giant cockroach zombie (D:6)
  A gnoll skeleton (Crypt:2)
  A jackal skeleton (D:5)
  2 jackal zombies
  11 kobolds
  A kobold skeleton (Abyss:3)
  2 quokka zombies
  10 rats
  4 fungi
  19 plants
  20 starspawn tentacles
4244 creatures vanquished.

Vanquished Creatures (collateral kills)
  Mennas (Depths:5)
  Agnes (Spider:2)
  2 lorocyprocas (Pan)
  A deep troll earth mage (Vaults:1)
  A spriggan berserker (Depths:3)
  A deep elf knight (Vaults:1)
  2 deep trolls (Vaults:1)
  2 ugly things (Vaults:1)
  A manticore (D:14)
  A vault sentinel (Vaults:1)
  A jumping spider (Spider:2)
  A yaktaur (Depths:3)
  A fire elemental (Geh:3)
  A neqoxec (Pan)
  2 ogres
  A wolf (Lair:4)
  An orc priest (D:11)
  An orc (D:11)
22 creatures vanquished.

Vanquished Creatures (others)
  A lich (Pan)
  Jorgrun (Vaults:3)
  An eldritch tentacle (Pan)
  2 deep elf sorcerers (Vaults:3)
  A vault warden (Vaults:2)
  4 ironheart preservers (Vaults:3)
  A deep elf annihilator (Pan)
  A deep elf demonologist (Abyss:1)
  A lorocyproca (Pan)
  A white draconian (Depths:5)
  A red draconian (Depths:5)
  A blizzard demon (Pan)
  A green death (Pan)
  A deep elf death mage (Vaults:3)
  2 yaktaur captains
  A rakshasa (Vaults:3)
  2 ogre magi
  2 two-headed ogres
  2 deep troll shamans
  2 deep troll earth magi (Vaults:3)
  A hell hog (Geh:4)
  12 dancing weapons
  5 deep elf knights
  A sixfirhy (Pan)
  3 flayed ghosts
  2 wolf spiders
  4 deep trolls
  3 orc knights (Vaults:3)
  7 ironbrand convokers
  4 deep elf archers
  3 large abominations (Pan)
  3 harpies (Vaults:3)
  5 deep elf magi
  3 vault sentinels (Vaults:1)
  9 yaktaurs
  2 freezing wraiths
  A slime creature (Vaults:3)
  A chaos spawn (Pan)
  A neqoxec (Pan)
  A small abomination (Abyss:1)
  2 hell hounds (Hell)
  5 orc warriors (Vaults:3)
  An ogre (Vaults:2)
  3 centaurs (Vaults:1)
  A bullfrog (D:8)
  A crimson imp (Pan)
  3 orc priests (Vaults:3)
  An orc wizard (Vaults:3)
  An orc (Orc:2)
  17 demonic plants
  2 fire vortices (Pan)
  10 fungi
  36 plants
  44 starspawn tentacles
  6 toadstools (D:7)
  43 withered plants (Crypt:3)
276 creatures vanquished.

Grand Total: 4542 creatures vanquished

Notes
Turn   | Place    | Note
-------+----------+-------------------------------------------
     0 | D:1      | IMPORTEDLAJATANG the Mummy Wanderer began the quest for the Orb.
     0 | D:1      | IMPORTEDLAJATANG set off with: a +0 leather armour, 2 throwing nets {!f}, a scroll of teleportation {@r4}, a wand of random effects (15/48), a +0 club
     0 | D:1      | Reached XP level 1. HP: 19/19 MP: 1/1
   437 | D:1      | Reached XP level 2. HP: 21/25 MP: 2/2
  1176 | D:2      | Reached XP level 3. HP: 31/31 MP: 3/3
  2199 | D:3      | Reached XP level 4. HP: 38/38 MP: 4/4
  2321 | D:3      | Reached skill level 5 in Fighting
  2569 | D:3      | Reached XP level 5. HP: 40/44 MP: 5/5
  3563 | D:3      | Reached XP level 6. HP: 50/52 MP: 6/6
  3580 | D:3      | Reached skill level 6 in Fighting
  4802 | D:4      | Noticed Menkaure
  4938 | D:4      | Reached XP level 7. HP: 35/59 MP: 7/7
  5635 | D:4      | Found an opulent altar of Gozag.
  5740 | D:4      | Killed Menkaure
  5740 | D:4      | Reached skill level 7 in Fighting
  5754 | D:4      | OSfrogf
  5929 | D:5      | Entered Level 5 of the Dungeon
  5929 | D:5      | Noticed Edmund
  6112 | D:4      | Killed Edmund
  6320 | D:5      | Found Evafudd's Antique Weapon Shop.
  6323 | D:5      | Bought an ancient rapier for 234 gold pieces
  6323 | D:5      | Identified the +9 rapier "Jesovi" {pierce, MR+ Str-2 Int+3 Stlth+} (You bought it in a shop on level 5 of the Dungeon)
  6510 | D:5      | Reached XP level 8. HP: 68/68 MP: 8/8
  6571 | D:5      | Reached skill level 1 in Short Blades
  6758 | D:5      | Got a spiked scale mail
  6759 | D:5      | Identified the +3 scale mail of Catatonia {-Cast Regen+ Str+4 Stlth+} (You found it on level 5 of the Dungeon)
  7071 | D:6      | Reached skill level 8 in Fighting
  7431 | D:6      | Found a staircase to the Ecumenical Temple.
  7471 | Temple   | Entered the Ecumenical Temple
  7582 | Temple   | Became a worshipper of Ashenzari the Shackled
  7827 | Temple   | Fell from the grace of Ashenzari
  7827 | Temple   | Became a worshipper of Gozag Ym Sagoz the Greedy
  8424 | D:7      | Found Qofoxuyn's Antique Weapon Emporium.
  8445 | D:7      | Reached skill level 5 in Short Blades
  8575 | D:7      | Found a burning altar of Makhleb.
  8641 | D:7      | Reached XP level 9. HP: 67/74 MP: 9/9
  9437 | D:8      | Noticed a two-headed ogre
  9568 | D:7      | Killed a two-headed ogre
  9568 | D:7      | Was forgiven by Ashenzari
  9603 | D:8      | Noticed Pikel
  9794 | D:7      | Killed Pikel
  9794 | D:7      | Reached XP level 10. HP: 80/80 MP: 10/10
  9947 | D:8      | Noticed a two-headed ogre
 10112 | D:6      | Killed a two-headed ogre
 10181 | D:8      | Found a staircase to the Lair.
 10237 | D:8      | Reached skill level 10 in Short Blades
 11275 | D:9      | Found an opulent altar of Gozag.
 11501 | D:9      | Reached XP level 11. HP: 81/87 MP: 11/11
 11600 | D:10     | Entered Level 10 of the Dungeon
 12056 | D:10     | Reached skill level 5 in Armour
 12614 | D:11     | Noticed a two-headed ogre
 12617 | D:11     | Noticed a two-headed ogre
 12617 | D:11     | Noticed a two-headed ogre
 12778 | D:10     | Killed a two-headed ogre
 12778 | D:10     | Reached skill level 5 in Dodging
 12944 | D:11     | Noticed a two-headed ogre
 12956 | D:11     | Killed a two-headed ogre
 12956 | D:11     | Reached skill level 9 in Fighting
 13095 | D:11     | Killed an unseen horror
 13132 | D:11     | Noticed an orc knight
 13133 | D:11     | Noticed edsrzf's ghost (journeyman MfWn)
 13133 | D:11     | Noticed a tengu warrior
 13133 | D:11     | Noticed a centaur warrior
 13134 | D:11     | Noticed a deep elf mage
 13135 | D:11     | Noticed a skeletal warrior
 13452 | D:11     | Killed an unseen horror
 13625 | D:11     | Noticed an ogre mage
 13634 | D:11     | Noticed a two-headed ogre
 13823 | D:11     | Noticed a two-headed ogre
 13889 | D:10     | Noticed a two-headed ogre
 13931 | D:10     | Killed a two-headed ogre
 13931 | D:10     | Reached XP level 12. HP: 88/96 MP: 12/12
 13960 | D:10     | Killed a two-headed ogre
 14133 | D:10     | Killed a two-headed ogre
 14163 | D:10     | Killed a two-headed ogre
 14653 | D:11     | Noticed a seven-headed hydra
 14699 | D:9      | Reached skill level 10 in Fighting
 14726 | Lair:1   | Entered Level 1 of the Lair of Beasts
 14811 | Lair:1   | Noticed Nergalle
 14956 | Lair:1   | Killed Nergalle
 16057 | Lair:2   | Found a hole to the Spider Nest.
 16437 | Lair:2   | Reached skill level 11 in Fighting
 16726 | Lair:2   | Noticed a four-headed hydra
 16737 | Lair:2   | Killed a four-headed hydra
 17259 | Lair:3   | Gained mutation: You are in touch with the powers of death. [Mummy growth]
 17259 | Lair:3   | Reached XP level 13. HP: 95/106 MP: 13/13
 18067 | Lair:4   | Found a labyrinth entrance.
 18125 | Lab      | Entered a labyrinth
 18365 | Lab      | Noticed a minotaur
 18378 | Lab      | Killed a minotaur
 18378 | Lab      | Reached skill level 12 in Fighting
 18590 | Lair:4   | Found a staircase to the Shoals.
 18598 | Lair:4   | Noticed Sonja
 18636 | Lair:4   | Killed Sonja
 18667 | Lair:4   | Got a glittering pewter ring
 18668 | Lair:4   | Identified the ring "Abyn" {MR+ Str+5 Stlth+} (You found it on level 4 of the Lair of Beasts)
 19833 | Lair:5   | Noticed Rupert
 19862 | Lair:6   | Entered Level 6 of the Lair of Beasts
 20014 | Lair:6   | Reached skill level 13 in Fighting
 20566 | Lair:6   | Noticed a fire dragon
 20807 | Lair:6   | Reached skill level 14 in Fighting
 21041 | Lair:6   | Reached XP level 14. HP: 107/120 MP: 14/14
 22025 | Lair:6   | Reached skill level 15 in Fighting
 23620 | D:8      | IMPORTEDLAJATANG: 14 short blades eh
 23664 | D:10     | Ultraviolent4: theres some sweet stuff on D11
 23664 | D:10     | Ultraviolent4: but i xed out all the stairs down
 23664 | D:10     | Ultraviolent4: because theres all this crazy shit down there
 23664 | D:10     | IMPORTEDLAJATANG: haha
 23664 | D:10     | IMPORTEDLAJATANG: d:10 or orc then
 23664 | D:10     | IMPORTEDLAJATANG: err 11
 23669 | D:10     | Ultraviolent4: have a look down
 23677 | D:10     | Ultraviolent4: i killed a lot of it
 23735 | D:11     | Ultraviolent4: that asshole kept hasting the 7 or so double headed ogres
 23735 | D:11     | IMPORTEDLAJATANG: haha ok
 23981 | D:11     | IMPORTEDLAJATANG: i see
 23981 | D:11     | Ultraviolent4: yea
 23987 | D:11     | Ultraviolent4: an artifact plate mail tho :o
 23991 | D:11     | IMPORTEDLAJATANG: yup
 24157 | D:11     | Reached skill level 16 in Fighting
 24415 | D:12     | Found a staircase to the Orcish Mines.
 24714 | D:12     | IMPORTEDLAJATANG: i'm pretty tempted to get firestarter but it's loud
 24744 | D:12     | Ultraviolent4: yea
 24744 | D:12     | Ultraviolent4: idk
 24744 | D:12     | Ultraviolent4: up to you :D
 24744 | D:12     | IMPORTEDLAJATANG: the meme would be strong
 24757 | D:12     | Ultraviolent4: last time i gave you advice we died lol
 24760 | D:12     | IMPORTEDLAJATANG: ahaha
 24769 | D:12     | IMPORTEDLAJATANG: probably a long blade would be more sensible since we got the crosstraining
 24769 | D:12     | IMPORTEDLAJATANG: but then again manual
 24793 | D:12     | Ultraviolent4: maybe see whats in orc
 24795 | D:12     | IMPORTEDLAJATANG: yeah
 24803 | D:12     | Ultraviolent4: and decide from there
 25005 | D:12     | Ultraviolent4: having the MR is nice in orc
 25007 | D:12     | Ultraviolent4: too
 25007 | D:12     | IMPORTEDLAJATANG: yeah
 25360 | D:13     | Noticed bombasticus's ghost (journeyman MiBe)
 26769 | D:14     | Found a gate to the Vaults.
 26770 | D:14     | Ultraviolent4: welp
 26771 | D:14     | Noticed Josephine
 27370 | Orc:1    | Entered Level 1 of the Orcish Mines
 27611 | Orc:2    | Entered Level 2 of the Orcish Mines
 28129 | Orc:1    | Noticed Urug
 28502 | Orc:2    | Killed Urug
 28680 | Orc:2    | Ultraviolent4: eveningstar is not bad
 28682 | Orc:2    | IMPORTEDLAJATANG: yeah
 28698 | Orc:2    | IMPORTEDLAJATANG: shame it's venom but i'll keep it
 28698 | Orc:2    | IMPORTEDLAJATANG: good backup for firestarter ;D
 28705 | Orc:2    | Ultraviolent4: yea
 28705 | Orc:2    | Reached XP level 15. HP: 99/132 MP: 15/15
 28876 | Orc:2    | Ultraviolent4: drop the crossbow
 28876 | Orc:2    | Ultraviolent4: its annoying me heh
 29036 | Orc:1    | Noticed an orc warlord
 29193 | Orc:1    | Ultraviolent4: is that a doublesword?
 29210 | Orc:1    | Ultraviolent4: nope
 29527 | Orc:2    | Found a roughly hewn altar of Beogh.
 29548 | Orc:2    | IMPORTEDLAJATANG: plx no st roka
 29756 | Orc:2    | Ultraviolent4: hes gonna rok your world
 29792 | Orc:2    | Noticed Saint Roka
 29794 | Orc:2    | IMPORTEDLAJATANG: god damn it
 29794 | Orc:2    | Ultraviolent4: o boy
 29794 | Orc:2    | Ultraviolent4: immolation?
 29794 | Orc:2    | Ultraviolent4: lol
 29794 | Orc:2    | Ultraviolent4: immolation + acid wand right here
 29794 | Orc:2    | Ultraviolent4: would be a thing of beauty oh well
 29794 | Orc:2    | IMPORTEDLAJATANG: or FIRESTARTER
 29797 | Orc:2    | Ultraviolent4: yea that too
 29799 | Orc:2    | Ultraviolent4: heh
 30027 | Orc:2    | Identified the +4 mace "Waomimi" {elec, *Drain rPois rN+} (You found it on level 2 of the Orcish Mines)
 30222 | Orc:2    | Ultraviolent4: for a second i was thinking "why are potions of agility off auto pickup?"
 30235 | Orc:2    | Ultraviolent4: then i remembered lol
 30235 | Orc:2    | IMPORTEDLAJATANG: yeee
 30252 | Orc:2    | Ultraviolent4: FeelsMummyMan
 30258 | Orc:2    | Noticed an orc warlord
 30294 | Orc:2    | IMPORTEDLAJATANG: well well
 30792 | Orc:1    | Ultraviolent4: im having D11 flashbacks lol
 30792 | Orc:1    | IMPORTEDLAJATANG: yeah these guys are annoying
 30792 | Orc:1    | IMPORTEDLAJATANG: and i don't know where the warlord is
 30792 | Orc:1    | IMPORTEDLAJATANG: and st roka is downstairs
 30817 | Orc:1    | IMPORTEDLAJATANG: ugh
 30824 | Orc:1    | Reached skill level 17 in Fighting
 31072 | Orc:1    | IMPORTEDLAJATANG: oh what
 31072 | Orc:1    | IMPORTEDLAJATANG: i thought you could cancel out of this
 31072 | Orc:1    | IMPORTEDLAJATANG: god damn it
 31072 | Orc:1    | Ultraviolent4: me too
 31072 | Orc:1    | Ultraviolent4: you cant?
 31072 | Orc:1    | Ultraviolent4: lol
 31073 | Orc:1    | IMPORTEDLAJATANG: noope
 31073 | Orc:1    | IMPORTEDLAJATANG: urgh
 31073 | Orc:1    | Ultraviolent4: then i guess you pick the cheapest
 31115 | Orc:1    | Noticed an orc warlord
 31131 | Orc:1    | Killed an orc warlord
 31132 | Orc:1    | IMPORTEDLAJATANG: there, used efficiently
 31132 | Orc:1    | IMPORTEDLAJATANG: lol
 31140 | Orc:1    | Ultraviolent4: $$
 31143 | Orc:1    | IMPORTEDLAJATANG: minmaxed
 31153 | Orc:1    | Ultraviolent4: O P T I M A L player
 31153 | Orc:1    | IMPORTEDLAJATANG: fuuuck
 31164 | Orc:1    | IMPORTEDLAJATANG: don't remember which stairs roka was near
 31164 | Orc:1    | Ultraviolent4: you can look with ] [
 31164 | Orc:1    | Ultraviolent4: shift x
 31164 | Orc:2    | IMPORTEDLAJATANG: both i guess?!
 31164 | Orc:2    | Ultraviolent4: welp
 31178 | Orc:2    | IMPORTEDLAJATANG: SON OF A
 31178 | Orc:2    | Ultraviolent4: you have chosen
 31180 | Orc:1    | Ultraviolent4: incorrectly
 31180 | Orc:1    | Ultraviolent4: im trying to remember the wording in the last crusader
 31180 | Orc:1    | IMPORTEDLAJATANG: he chose.... poorly
 31180 | Orc:1    | Ultraviolent4: yea
 31180 | Orc:1    | Ultraviolent4: thats it
 31180 | Orc:1    | IMPORTEDLAJATANG: hmm
 31180 | Orc:1    | Ultraviolent4: you can curare him
 31180 | Orc:1    | Ultraviolent4: and like some combination of acid and nets
 31180 | Orc:1    | Ultraviolent4: should be pretty easy
 31180 | Orc:1    | IMPORTEDLAJATANG: yeah
 31180 | Orc:1    | IMPORTEDLAJATANG: i'll try net i guess
 31185 | Orc:1    | Ultraviolent4: OSfrog
 31191 | Orc:1    | Killed an orc warlord
 31227 | Orc:1    | Ultraviolent4: the rapier stabs PogChamp
 31498 | Orc:1    | IMPORTEDLAJATANG: i hate this orc
 31700 | Orc:2    | Ultraviolent4: and id say this mummy is much stronger than average heh
 31881 | Orc:2    | IMPORTEDLAJATANG: yeah
 32104 | Orc:1    | Found a roughly hewn altar of Beogh.
 32289 | Orc:1    | Ultraviolent4: this vault is really good when youre beogh because there are always multiple warlords
 32290 | Orc:1    | IMPORTEDLAJATANG: yeah
 32384 | Orc:1    | Ultraviolent4: haha
 32384 | Orc:1    | IMPORTEDLAJATANG: might have to mirror roka
 32410 | Orc:1    | Ultraviolent4: curare will wreck him too
 32581 | Orc:2    | Found Xuizir's Distillery.
 32783 | Orc:2    | Found Ruyky's Jewellery Boutique.
 32828 | Orc:2    | Ultraviolent4: roh ro
 32828 | Orc:2    | IMPORTEDLAJATANG: yeah
 32828 | Orc:2    | IMPORTEDLAJATANG: could fear
 32828 | Orc:2    | Ultraviolent4: its risky
 32828 | Orc:2    | Ultraviolent4: think you need to blink
 32828 | Orc:2    | IMPORTEDLAJATANG: yep
 33138 | Orc:1    | Ultraviolent4: >game is hard
 33138 | Orc:1    | IMPORTEDLAJATANG: yeah
 33164 | Orc:2    | IMPORTEDLAJATANG: shoulda just trained more evo maybe
 33164 | Orc:2    | Ultraviolent4: i dont like evo much
 33167 | Orc:2    | Ultraviolent4: so that would be my fault :P
 33168 | Orc:2    | IMPORTEDLAJATANG: a few levels make a big difference on hex wands
 33205 | Orc:2    | IMPORTEDLAJATANG: our roka is immediately drained
 33209 | Orc:2    | IMPORTEDLAJATANG: should prob just petition and fight
 33209 | Orc:2    | Ultraviolent4: im not sure you even need to petition
 33211 | Orc:2    | Ultraviolent4: you can net him
 33214 | Orc:2    | Ultraviolent4: or even just acid might do it
 33214 | Orc:2    | Ultraviolent4: hmm our roka timed out
 33214 | Orc:2    | Ultraviolent4: try a net
 33218 | Orc:2    | Ultraviolent4: OSfrog
 33221 | Orc:2    | Killed Saint Roka
 33221 | Orc:2    | Reached skill level 10 in Armour
 33222 | Orc:2    | IMPORTEDLAJATANG: bye fucker
 33415 | Orc:2    | Ultraviolent4: and people keep telling me to play hellcrawl
 33420 | Orc:2    | Ultraviolent4: smh
 33507 | Orc:2    | IMPORTEDLAJATANG: doublezaps maybe
 33514 | Orc:2    | Ultraviolent4: you can kite him with dagger or venom if youre patient maybe
 33514 | Orc:2    | IMPORTEDLAJATANG: yeah
 33514 | Orc:2    | Ultraviolent4: thats how i had to kill 2 headed ogres
 33514 | Orc:2    | IMPORTEDLAJATANG: they seem to regen pretty fast tho
 33514 | Orc:2    | Ultraviolent4: it got a bit ugly sometiems though lol
 33535 | Orc:2    | Ultraviolent4: wp
 33588 | Orc:2    | Ultraviolent4: oh boy
 33588 | Orc:2    | Ultraviolent4: that ring
 33588 | Orc:2    | IMPORTEDLAJATANG: yeah not bad
 33588 | Orc:2    | Bought the ring "Iriteqap" {rF+ EV+3 Dex+4 Stlth+} for 554 gold pieces
 34115 | Orc:2    | Found a staircase to the Elven Halls.
 34436 | Orc:2    | Found a roughly hewn altar of Beogh.
 34443 | Orc:2    | IMPORTEDLAJATANG: final boss
 34462 | Orc:2    | Ultraviolent4: OSfrog
 34469 | Orc:2    | Killed an orc warlord
 34758 | Orc:2    | IMPORTEDLAJATANG: god fuck all these orcs
 34991 | Orc:2    | Found Bien Guo's Distillery.
 35108 | Orc:2    | IMPORTEDLAJATANG: all this for potion shop
 35180 | Orc:2    | Found Ilybeuh's Distillery.
 35183 | Orc:2    | IMPORTEDLAJATANG: two potion shops
 35183 | Orc:2    | IMPORTEDLAJATANG: mother
 35183 | Orc:2    | IMPORTEDLAJATANG: fucker
 35748 | Orc:1    | Ultraviolent4: yay
 35858 | Orc:1    | Ultraviolent4: haha it never ends
 35954 | Orc:1    | Ultraviolent4: upgrade
 35954 | Orc:1    | IMPORTEDLAJATANG: UPGRADE
 35954 | Orc:1    | IMPORTEDLAJATANG: lol
 35954 | Orc:1    | Ultraviolent4: O P T I M A L
 36025 | Orc:2    | IMPORTEDLAJATANG: SIDEGRADE
 36162 | D:14     | IMPORTEDLAJATANG: oh yeah this
 36162 | D:14     | Ultraviolent4: spooky af
 36508 | D:14     | IMPORTEDLAJATANG: guess i need to decide on firestarter
 36508 | D:14     | IMPORTEDLAJATANG: bleh
 36773 | D:11     | Reached skill level 18 in Fighting
 36864 | D:11     | Reached XP level 16. HP: 113/143 MP: 16/16
 37112 | D:11     | Killed edsrzf's ghost
 37326 | D:11     | Got an encrusted plate armour
 37362 | D:10     | Identified the +3 plate armour of Ceit {Str+3 Stlth+} (You found it on level 11 of the Dungeon)
 37362 | D:10     | Ultraviolent4: :(
 37362 | D:10     | IMPORTEDLAJATANG: underwhelming
 37423 | D:11     | Got a crystal dagger
 37424 | D:11     | Identified the +1 dagger of Terror {protect, +Blink +Rage MR++ Dex-5} (You found it on level 11 of the Dungeon)
 37425 | D:11     | IMPORTEDLAJATANG: TERROR
 37965 | D:14     | Found a portal to a secret trove of treasure.
 38007 | D:14     | IMPORTEDLAJATANG: hrmrmrm
 38097 | D:14     | Ultraviolent4: what was the trove askign for?
 38099 | D:14     | IMPORTEDLAJATANG: slimy rune
 38107 | D:14     | Ultraviolent4: oh
 38110 | D:14     | Ultraviolent4: sweet
 38398 | D:14     | Ultraviolent4: dispel undead hype
 38398 | D:14     | IMPORTEDLAJATANG: damn
 38398 | D:14     | IMPORTEDLAJATANG: didn't know she had that
 38398 | D:14     | Ultraviolent4: yepppp
 38398 | D:14     | Ultraviolent4: @??josephine
 38398 | D:14     | beem: Josephine (@)
                  | Spd:
    10 | HD: 10   | HP: 57-82
                  | AC/EV: 2/10
                  | Dam: 11
                  | natural, weapons, items, doors, evil, spellcaster
                  | Res: magic(60), neg+++
                  | XP: 1066
                  | Sp: vampiric draining (4-29), ghostly fireball (3d15), dispel undead (3d18)
                  | Sz: Medium
                  | Int: human.
 38398 | D:14     | Ultraviolent4: its 54 max damage
 38398 | D:14     | Ultraviolent4: so you can eat 2 more
 38398 | D:14     | IMPORTEDLAJATANG: could summoning
 38398 | D:14     | Ultraviolent4: if she hits you again, silence her
 38398 | D:14     | IMPORTEDLAJATANG: it's beam
 38398 | D:14     | IMPORTEDLAJATANG: summoning isn't that great in dungeon tho
 38403 | D:14     | Killed Josephine
 38620 | D:14     | Ultraviolent4: that worked
 38892 | D:14     | Ultraviolent4: NET
 38892 | D:14     | IMPORTEDLAJATANG: net hype
 38909 | D:15     | Entered Level 15 of the Dungeon
 38913 | D:15     | Ultraviolent4: its like christmas
 39155 | D:14     | Ultraviolent4: mummy crystal ball lol
 39410 | D:15     | Reached skill level 1 in Throwing
 40335 | D:15     | Ultraviolent4: interesting
 40351 | D:15     | IMPORTEDLAJATANG: ?
 40409 | D:15     | Noticed Nessos
 40410 | D:15     | Ultraviolent4: you say you like to train some evo to help with hex wands
 40410 | D:15     | Ultraviolent4: yet you dont like scroll of vul which improves hex wand chances for free
 40410 | D:15     | IMPORTEDLAJATANG: yeah kinda getting past the most useful time for them tho
 40413 | D:15     | Ultraviolent4: kk
 40418 | D:15     | IMPORTEDLAJATANG: except for right now
 40418 | D:15     | IMPORTEDLAJATANG: lol
 40418 | D:15     | Ultraviolent4: :P
 40429 | D:15     | Killed Nessos
 40495 | D:15     | Found a staircase to the Depths.
 40668 | D:15     | Identified the Collected Works on Shifting Cold
 40790 | D:15     | Ultraviolent4: hooray
 40790 | D:15     | IMPORTEDLAJATANG: aaand done
 40790 | D:15     | IMPORTEDLAJATANG: all yours
 40790 | D:15     | Ultraviolent4: so the maces question
 41215 | Lair:1   | Reached skill level 1 in Maces & Flails
 41261 | Spider:1 | Entered Level 1 of the Spider Nest
 41269 | Spider:1 | Noticed Asterion
 41554 | Lair:2   | Killed Asterion
 41558 | Lair:2   | Got a warped shield
 41777 | Lair:2   | Identified the +2 shield of the Sacrificial Victim {rElec MR+ Str-2 Dex+9} (You took it off Asterion on level 2 of the Lair of Beasts)
 41839 | Spider:1 | Noticed Aizul
 41856 | Spider:1 | Killed Aizul
 41856 | Spider:1 | Reached skill level 5 in Maces & Flails
 43257 | Spider:1 | Reached XP level 17. HP: 125/151 MP: 17/17
 43743 | Spider:2 | Noticed Louise
 43743 | Spider:2 | Noticed Agnes
 43787 | Spider:2 | Killed Agnes
 44244 | Spider:2 | Killed Louise
 44244 | Spider:2 | Reached skill level 10 in Maces & Flails
 44326 | Spider:2 | Noticed Donald
 44347 | Spider:1 | Killed Donald
 44482 | Spider:2 | Noticed Kirke
 44595 | Spider:1 | Killed Kirke
 44869 | Spider:2 | Got a shimmering ring mail
 46580 | Spider:4 | Entered Level 4 of the Spider Nest
 47153 | Spider:4 | Noticed bombasticus's ghost (adept MiBe)
 50952 | Spider:4 | Killed bombasticus's ghost
 52600 | Spider:4 | Reached XP level 18. HP: 81/158 MP: 18/18
 53258 | Spider:4 | fuck off
 53264 | Spider:4 | whats happening
 54187 | Spider:4 | Got a gossamer rune of Zot
 54784 | Elf:1    | Entered Level 1 of the Elven Halls
 54865 | Elf:1    | Found a magical portal.
 54872 | WizLab   | Entered Lehudib's Moon Base
 56168 | WizLab   | Reached skill level 15 in Maces & Flails
 58501 | WizLab   | FFFFFUUUUUUUUU
 58572 | WizLab   | hmmm
 58572 | WizLab   | ok i wanna leave lol
 59057 | Elf:1    | Bought a scroll of blinking for 75 gold pieces
 59057 | Elf:1    | Bought a scroll of fear for 35 gold pieces
 59057 | Elf:1    | Bought a scroll of recharging for 95 gold pieces
 59058 | Elf:1    | Bought a scroll of identify for 20 gold pieces
 59059 | Elf:1    | Bought a scroll of immolation for 35 gold pieces
 59059 | Elf:1    | Bought a scroll of fear for 35 gold pieces
 59061 | Elf:1    | Bought the +4 chain mail of Tuoca {rF++ rC- Str-4 Slay+5} for 982 gold pieces
 60617 | Elf:1    | Reached XP level 19. HP: 163/165 MP: 19/19
 60812 | Elf:1    | Got a pair of crude gloves
 60813 | Elf:1    | Identified the cursed +0 pair of gloves "Zesia" {Str+6} (You found it on level 1 of the Elven Halls)
 61709 | Elf:2    | Found Wesiarea's Distillery.
 61797 | Elf:2    | Got a fine leather armour
 61866 | Elf:2    | Found a runed gate.
 61866 | Elf:2    | Found a runed gate.
 61867 | Elf:2    | Found a runed gate.
 62552 | D:7      | Bought the +7 great mace "Firestarter" {inner flame, rF++} for 1566 gold pieces
 62818 | Elf:3    | Entered Level 3 of the Elven Halls
 63510 | Elf:3    | Found Xoagov's General Store.
 63613 | Elf:3    | Bought a scroll of blinking for 135 gold pieces
 63613 | Elf:3    | Bought a scroll of torment for 135 gold pieces
 63613 | Elf:3    | Bought a scroll of summoning for 171 gold pieces
 63613 | Elf:3    | Bought a phantom mirror for 540 gold pieces
 64066 | Elf:3    | Found Rogokk's Distillery.
 64382 | Elf:3    | Found Wuqycut's Antique Armour Boutique.
 64400 | Elf:3    | Found Tyzuk's Food Shoppe.
 66319 | Elf:3    | stop hasting, you jerk
 67373 | Elf:3    | Reached skill level 19 in Fighting
 67391 | Elf:3    | Found Xoagov's General Store.
 67459 | Elf:3    | Found Wuqycut's Antique Armour Boutique.
 67464 | Elf:3    | Found Tyzuk's Food Shoppe.
 67608 | Elf:3    | Found Rogokk's Distillery.
 68425 | Elf:3    | Identified the amulet "Qaykhligg" {Gourm rN+ Str+4 Dex+2} (You took it off a deep elf mage on level 3 of the Elven Halls)
 68436 | Elf:3    | Got a vibrating marble ring
 68442 | Elf:3    | Reached XP level 20. HP: 170/174 MP: 20/20
 69765 | Elf:3    | Identified the Catalogue of Igneous Transformation
 69889 | Elf:3    | Identified the Volume of Shifting Weightlessness
 69899 | Elf:3    | Identified Inkipt Mucu's Reference Book on Talismans
 69903 | Elf:3    | Identified the Reference Book on Noxious Hexes
 70000 | Elf:1    | Bought a scroll of identify for 20 gold pieces
 70000 | Elf:1    | Identified the ring of the Good {Int+3 Dex+6 Stlth-} (You took it off a deep elf elementalist on level 3 of the Elven Halls)
 70003 | Elf:1    | Upgraded the game from 0.20-a0-1116-gaa52201 to 0.20-a0-1127-g1289703
 70303 | Shoals:1 | Entered Level 1 of the Shoals
 70563 | Shoals:1 | Found a frozen archway.
 70813 | IceCv    | Entered an ice cave
 72991 | Shoals:2 | Identified a scroll of acquirement
 74785 | Shoals:4 | Entered Level 4 of the Shoals
 75512 | Shoals:4 | Identified a +2 pair of boots of running (You found it on level 4 of the Shoals)
 75547 | Shoals:4 | Noticed Ilsuiw
 75576 | Shoals:4 | Killed Ilsuiw
 77966 | Shoals:4 | Got a vibrating glass ring
 77970 | Shoals:4 | Identified the ring of Raneu {rN+ Dex+4 Stlth+} (You took it off a merfolk impaler on level 4 of the Shoals)
 78871 | Shoals:4 | Got a barnacled rune of Zot
 79401 | D:8      | Upgraded the game from 0.20-a0-1127-g1289703 to 0.21-a0-2-ge494091
 79632 | Vaults:1 | Entered Level 1 of the Vaults
 79914 | Vaults:1 | Reached XP level 21. HP: 180/182 MP: 21/21
 82294 | Vaults:1 | Reached skill level 20 in Fighting
 82932 | Vaults:2 | Found a staircase to the Crypt.
 85535 | Vaults:2 | Reached skill level 10 in Dodging
 86077 | Vaults:2 | Reached XP level 22. HP: 153/191 MP: 22/22
 87824 | Vaults:3 | Killed Jorgrun
 93397 | Vaults:4 | Reached XP level 23. HP: 133/199 MP: 23/23
 94011 | Vaults:4 | Reached skill level 21 in Fighting
 94740 | Crypt:1  | Entered Level 1 of the Crypt
 95498 | Crypt:1  | Reached skill level 15 in Armour
 97661 | Crypt:3  | Entered Level 3 of the Crypt
 98699 | Crypt:3  | Found a staircase to the Tomb.
 99055 | Crypt:3  | Noticed an ancient lich
 99066 | Crypt:3  | Killed an ancient lich
100658 | Crypt:3  | Reached XP level 24. HP: 161/210 MP: 19/23
100784 | Crypt:3  | Got a shimmering turquoise ring
100786 | Crypt:3  | Identified the ring of the Stag {rElec rN+ Str+2 Int-2 Dex+3} (You took it off a hell knight on level 3 of the Crypt)
100807 | Crypt:3  | Got a vibrating granite ring
100809 | Crypt:3  | Identified the ring "Ziloqot" {rN+ Str+5 Int+3} (You took it off a red devil on level 3 of the Crypt)
100938 | Crypt:3  | Found an ancient bone altar of Kikubaaqudgha.
100938 | Crypt:3  | Noticed an ancient lich
100953 | Crypt:3  | Noticed an ancient lich
100953 | Crypt:3  | Killed an ancient lich
100959 | Crypt:3  | Killed an ancient lich
100959 | Crypt:3  | Reached skill level 22 in Fighting
101814 | Depths:1 | Entered Level 1 of the Depths
102534 | Depths:1 | Found Qisoer's Assorted Antiques.
102534 | Depths:1 | Found Foseroo's Magic Scroll Boutique.
102538 | Depths:1 | Found Linefoal's Book Shop.
102544 | Depths:1 | Bought a scroll of acquirement for 936 gold pieces
102545 | Depths:1 | Got a twisted hat
102556 | Depths:1 | Identified the +1 hat of the Ego {rN+ Int+2} (You acquired it on level 1 of the Depths)
102567 | Depths:1 | Bought a scroll of magic mapping for 63 gold pieces
102567 | Depths:1 | Bought a scroll of teleportation for 54 gold pieces
102567 | Depths:1 | Bought a scroll of fog for 36 gold pieces
102567 | Depths:1 | Bought a scroll of fear for 63 gold pieces
102567 | Depths:1 | Bought a scroll of fear for 63 gold pieces
102567 | Depths:1 | Bought a scroll of fog for 36 gold pieces
102569 | Depths:1 | Bought a book of Minor Magic for 420 gold pieces
102572 | Depths:1 | Learned a level 2 spell: Blink
102894 | Depths:1 | Paralysed by a floating eye for 4 turns
103473 | Depths:1 | Found a gateway to Hell.
104210 | Depths:2 | Found a gateway to a ziggurat.
106244 | Depths:2 | Reached XP level 25. HP: 192/219 MP: 19/23
106772 | Depths:2 | Identified the Compendium of Aid
106883 | Depths:2 | Reached skill level 23 in Fighting
108207 | Depths:3 | Noticed Xtahua
108222 | Depths:3 | Killed Xtahua
108472 | Depths:3 | Got an ichor-stained scarf
108483 | Depths:3 | Identified the scarf "Trusted Companion" {rPois rF+ MR+ Int+2 SInv} (You acquired it on level 3 of the Depths)
108709 | Depths:3 | Reached skill level 15 in Dodging
109563 | Depths:3 | Got a transparent marble ring
110123 | Depths:3 | Found Daucra Nadghi's Distillery.
110187 | Depths:3 | Found Nilohios's Distillery.
110224 | Depths:3 | Found Iclon's General Store.
110298 | Depths:3 | Found Xiott's General Store.
110306 | Depths:3 | Bought a scroll of teleportation for 66 gold pieces
110482 | Depths:3 | Found a one-way gate leading to the halls of Pandemonium.
110776 | Depths:4 | Found a one-way gate to the infinite horrors of the Abyss.
111561 | Depths:4 | Found a sparkling altar of Nemelex Xobeh.
112321 | Depths:5 | Entered Level 5 of the Depths
112476 | Depths:4 | Noticed a juggernaut
112477 | Depths:4 | Gained mutation: You are strongly in touch with the powers of death. [Mummy growth]
112477 | Depths:4 | Reached XP level 26. HP: 126/231 MP: 23/23
113131 | Depths:5 | Reached skill level 24 in Fighting
113437 | Depths:5 | Noticed Mennas
113451 | Depths:5 | Killed Mennas
113854 | Depths:5 | Noticed Frederick
114098 | Depths:5 | Killed Frederick
114626 | Depths:5 | Found a gate to the Realm of Zot.
114828 | Depths:5 | Identified Zeid's Guide on Arcane Weapons and the Traveller
116260 | Depths:5 | Voluntarily entered the Abyss.
116320 | Abyss:2  | Found a corrupted altar of Lugonu.
116460 | Abyss:2  | Found a corrupted altar of Lugonu.
116625 | Abyss:2  | Identified the ring "Keghep" {+Inv Int+2} (You took it off a spriggan berserker on level 3 of the Depths)
117018 | Abyss:3  | Reached skill level 25 in Fighting
117545 | Abyss:3  | Reached skill level 5 in Evocations
117964 | Abyss:3  | Reached XP level 27. HP: 216/242 MP: 27/27
118602 | Abyss:3  | Got an abyssal rune of Zot
118685 | Depths:5 | Escaped the Abyss
118883 | Depths:5 | Bought a brightly glowing brass ring for 180 gold pieces
118883 | Depths:5 | Bought a smelly chain mail for 342 gold pieces
118884 | Depths:5 | Identified the ring of Leaves {Ice rN+ MR- Dex+4} (You bought it in a shop on level 5 of the Depths)
118898 | Depths:5 | Identified the cursed +0 chain mail of Leaves {MR- Int+9 Slay-5 Stlth+} (You bought it in a shop on level 5 of the Depths)
119078 | Depths:1 | Reached skill level 1 in Spellcasting
119624 | Elf:3    | Learned a level 6 spell: Death Channel
120008 | Vaults:3 | Got a fine shortbow
120009 | Vaults:3 | Identified the cursed +1 shortbow of Heibeuf {freeze, rF+ Int+4} (You found it on level 3 of the Vaults)
120055 | Vaults:3 | Reached skill level 1 in Necromancy
120524 | Lair:5   | Killed Rupert
120810 | Lair:5   | Found a staircase to the Slime Pits.
121030 | Slime:1  | Entered Level 1 of the Pits of Slime
121432 | Slime:3  | Reached skill level 26 in Fighting
121529 | Slime:3  | Found a viscous altar of Jiyva.
121704 | Slime:4  | Reached skill level 5 in Spellcasting
121755 | Slime:5  | Entered Level 5 of the Pits of Slime
122057 | Slime:5  | Reached skill level 5 in Necromancy
122440 | Slime:4  | Noticed Dissolution
122468 | Slime:5  | Noticed the Royal Jelly
122484 | Slime:5  | Found a viscous altar of Jiyva.
122556 | Slime:5  | Killed the Royal Jelly
123031 | Slime:5  | Got a slimy rune of Zot
123108 | Slime:5  | Got a smoking lead ring
123110 | Slime:5  | Identified the ring "Rarof" {rC+ Slay+6} (You found it on level 5 of the Pits of Slime)
123136 | Slime:5  | Identified the Almanac of Supportive Sinister Magic
123165 | Slime:5  | Identified the +10 whip of Infection {venom, *Slow Int+4} (You found it on level 5 of the Pits of Slime)
123176 | Slime:5  | Identified the +8 quarterstaff "Soohuol" {flame, MR+ SInv} (You found it on level 5 of the Pits of Slime)
123184 | Slime:5  | Got a faintly humming plate armour
123195 | Slime:5  | Identified the +3 plate armour of the Distant Future {rC- Str+7} (You found it on level 5 of the Pits of Slime)
123662 | Slime:5  | Learned a level 4 spell: Control Undead
125252 | D:14     | You showed the slimy rune of Zot to enter a treasure trove
125253 | Trove    | Entered a treasure trove
125272 | Trove    | Identified Sif Muna's Volume of Evil and the Escort
125280 | Trove    | Learned a level 5 spell: Dispel Undead
125301 | Trove    | Learned a level 3 spell: Vampiric Draining
125302 | Trove    | Identified Sif Muna's Guide on Conjuration and Evil Secrets
125324 | Trove    | Identified the Grimoire of the Pirate
125595 | Elf:1    | Bought the +7 shield "Giacs" {rCorr} for 937 gold pieces
126208 | Crypt:3  | Got a scorched shield
126219 | Crypt:3  | Identified the +0 shield of Vehumet's Esteem {Int+3 Dex+5} (You found it on level 3 of the Crypt)
126654 | Depths:5 | Reached skill level 5 in Shields
126881 | Zot:1    | Entered Level 1 of the Realm of Zot
127789 | Zot:1    | Reached skill level 10 in Shields
129743 | Zot:3    | Got a transparent turquoise ring
129745 | Zot:3    | Identified the ring of Wass {+Inv rElec rPois Str-4 Int+4} (You found it on level 3 of the Realm of Zot)
129823 | Zot:3    | Reached skill level 10 in Spellcasting
130864 | Zot:4    | Learned a level 1 spell: Apportation
131099 | Zot:4    | Reached skill level 1 in Translocations
131169 | Zot:4    | Reached skill level 10 in Evocations
132040 | Pan      | Entered Pandemonium
132205 | Pan      | Got an encrusted scarf
132216 | Pan      | Identified the scarf of Ruclaut {rElec rF+} (You acquired it in Pandemonium)
132938 | Pan      | Found an exit through the horrors of the Abyss.
133008 | Pan      | Noticed Pesme the pandemonium lord
133027 | Pan      | Killed Pesme the pandemonium lord
133067 | Pan      | Reached skill level 10 in Necromancy
133332 | Pan      | Found an exit through the horrors of the Abyss.
133749 | Pan      | Noticed Ciafub the pandemonium lord
133770 | Pan      | Killed Ciafub the pandemonium lord
134155 | Pan      | Noticed Ykaejecso the pandemonium lord
134197 | Pan      | Killed Ykaejecso the pandemonium lord
134199 | Pan      | Reached skill level 15 in Spellcasting
134512 | Pan      | Found an exit through the horrors of the Abyss.
134512 | Pan      | Noticed Olulex the pandemonium lord
134991 | Pan      | Identified the +0 lajatang of Shame {holy, rElec rPois rF- Int+5} (You found it in Pandemonium)
135044 | Pan      | Found an exit through the horrors of the Abyss.
135074 | Pan      | Noticed Enouph the pandemonium lord
135075 | Pan      | Took an exit into the Abyss.
135075 | Abyss:1  | Escaped into the Abyss
135424 | Abyss:1  | Found a corrupted altar of Lugonu.
135772 | Abyss:1  | Reached skill level 1 in Stealth
135851 | Depths:3 | Escaped the Abyss
135882 | Pan      | Entered Pandemonium
136378 | Pan      | Found a runed door.
136389 | Pan      | Noticed Imuge the pandemonium lord
136422 | Pan      | Killed Imuge the pandemonium lord
136676 | Pan      | Found a runed door.
136676 | Pan      | Found a runed door.
136677 | Pan      | Found a runed door.
136771 | Pan      | Noticed Voenogi the pandemonium lord
136874 | Pan      | Reached skill level 5 in Stealth
137292 | Pan      | Entered the realm of Mnoleg.
137502 | Pan      | Noticed Mnoleg
137532 | Pan      | Killed Mnoleg
137585 | Pan      | Got a glowing rune of Zot
138347 | Pan      | Found an exit through the horrors of the Abyss.
138818 | Pan      | Noticed Xejuts the pandemonium lord
138952 | Pan      | Entered the realm of Lom Lobon.
138952 | Pan      | Found an exit through the horrors of the Abyss.
139045 | Pan      | Identified the +5 shield "Seorylai" {*Contam rF+ Str+3 Int+5} (You found it in Pandemonium)
139265 | Pan      | Noticed Lom Lobon
139280 | Pan      | Got a magical rune of Zot
139339 | Pan      | Entered the realm of Cerebov.
139360 | Pan      | Identified the +8 demon whip of Precise Incision {freeze, Int+4 Dex+4} (You found it in Pandemonium)
139381 | Pan      | Identified the +7 plate armour of Joy {rPois} (You found it in Pandemonium)
139391 | Pan      | Got a crude platinum amulet
139392 | Pan      | Identified the amulet "Runer" {+Rage Dex+6} (You found it in Pandemonium)
139598 | Pan      | Got a steaming hand crossbow
139599 | Pan      | Identified the +12 hand crossbow of the Original Sin {flame, -Tele rC+ MP+9 Dex+3} (You found it in Pandemonium)
139690 | Pan      | Reached skill level 1 in Crossbows
139971 | Pan      | Noticed Cerebov
140120 | Pan      | Noticed Lom Lobon
140623 | Pan      | Got a fiery rune of Zot
141505 | Pan      | Reached skill level 5 in Crossbows
141655 | Pan      | Entered the realm of Gloorx Vloq.
141679 | Pan      | Reached skill level 15 in Necromancy
141984 | Pan      | Found an exit through the horrors of the Abyss.
142226 | Pan      | Noticed Gloorx Vloq
142242 | Pan      | Got a dark rune of Zot
142332 | Pan      | Noticed Lom Lobon
142497 | Pan      | Found an exit through the horrors of the Abyss.
142602 | Pan      | Noticed Cerebov
142634 | Pan      | Noticed Gloorx Vloq
142639 | Pan      | Noticed Medoti the pandemonium lord
142654 | Pan      | Killed Medoti the pandemonium lord
142774 | Pan      | Noticed Fisup the pandemonium lord
143545 | Pan      | Found an exit through the horrors of the Abyss.
144294 | Pan      | Found an exit through the horrors of the Abyss.
144379 | Pan      | Noticed Awkal the pandemonium lord
144409 | Pan      | Killed Awkal the pandemonium lord
144753 | Pan      | Reached skill level 10 in Crossbows
145227 | Pan      | Noticed Jupig the pandemonium lord
145253 | Pan      | Found an exit through the horrors of the Abyss.
145289 | Pan      | Noticed Cerebov
145629 | Pan      | Noticed Lom Lobon
145745 | Pan      | Noticed Uvus the pandemonium lord
145775 | Pan      | Killed Uvus the pandemonium lord
146583 | Pan      | Noticed Moitifot the pandemonium lord
147071 | Depths:3 | Escaped Pandemonium
148468 | Hell     | Entered the Vestibule of Hell
148471 | Hell     | Noticed Geryon
148492 | Hell     | Killed Geryon
151839 | Hell     | Found a gateway to the freezing wastes of Cocytus.
151998 | Hell     | Found a gateway to the Iron City of Dis.
152048 | Hell     | Found a gateway to the ashen valley of Gehenna.
152087 | Hell     | Found a gateway to the decaying netherworld of Tartarus.
152363 | Geh:1    | Entered Level 1 of Gehenna
154327 | Geh:4    | HP: 3/247 [eldritch tentacle[the effects of Hell] (14)]
154327 | Geh:4    | Slain by an eldritch tentacle

Vault maps used:
D:1:      moated_graveyard_arrival
D:4:      cheibrodos_pilgrimage, first_bread, grunt_gozag_breadcrumbs,
          uniq_menkaure
D:5:      serial_shops, kennysheep_mini, kennysheep_generic_room_4, uniq_edmund
D:6:      minmay_temple_entry_statues
D:7:      cheibrodos_fertilizer, bloody_makhleb, serial_shops,
          kennysheep_mini_moat
D:8:      dpeg_oklobed_lair, hangedman_pestilent_swarm, uniq_pikel
D:9:      lemuel_centaur_altar
D:11:     minivault_12
D:12:     orc_0_dummy
D:14:     david_vaults_3, enter_trove_0, uniq_josephine
D:15:     grunt_enter_depths_magical_seal, minmay_misc_feat_plants, uniq_nessos
Temple:   compressed_dpeg_circular_temple
Lair:1:   grunt_megastairs_3, lemuel_fruit_tree, infiniplex_staircase_pool,
          uniq_nergalle
Lair:2:   spider_nest_entry_a, grunt_megastairs_2
Lair:3:   serial_bayou_lagoon_a
Lair:4:   elwin_shoals_entry_rocks, lab_entry_generic, uniq_sonja
Lair:5:   minmay_slime_entry_oklob_enclosed, beast_lair_carwin_10, uniq_rupert
Lair:6:   hangedman_lair_caniforms_friends, guppyfry_lair_end_dragon
Shoals:1: portal_ice_cave_entry_ice_statue_two
Shoals:3: abandoned_shop
Shoals:4: shoals_end_grunt_ice, shoals_ilsuiw_ice
Spider:1: uniq_aizul, uniq_asterion
Spider:2: uniq_kirke, uniq_louise, uniq_donald, uniq_agnes
Spider:4: spider_rune_water, nicolae_spider_cling_ruins
Slime:2:  nicolae_slime_round_cave
Slime:3:  basic_altar
Slime:4:  uniq_dissolution
Orc:1:    orc_temple, nicolae_orc_tapped_out, uniq_urug
Orc:2:    pubby_orc_utopia, uniq_saint_roka
Elf:1:    hangedman_staggered_hall, mu_enter_wizlab_6,
          portal_desolation_entry_nicolae_nacl, spider_trap, minivault_19
Elf:2:    serial_shops, nicolae_shop_statue_plus, basic_stair_grate_trap
Elf:3:    minmay_elf_hall_dome, serial_shops, shop_fountains, shop_fountains,
          shop_fountains, shop
Vaults:1: v_rooms_2, v_misc_30, v_misc_10, nicolae_vaults_ring_of_whatevers,
          ontoclasm_vaults_gallery, nicolae_vaults_little_squares_2,
          ontoclasm_vaults_eye, hangedman_vaults_trim, vaults_room_pool,
          v_misc_18, ontoclasm_vaults_ring_small
Vaults:2: ontoclasm_vaults_twist, hangedman_vaults_corner,
          hangedman_vaults_unwind, grunt_vaults_twisty, v_misc_19, v_misc_14,
          blue_anna_dwarven_crypt, ontoclasm_vaults_loading_screen, v_misc_23,
          v_misc_12, vaults_room_corners, nicolae_vaults_specimen_jars
Vaults:3: v_misc_24, ontoclasm_vaults_bender, ontoclasm_vaults_pinch,
          hangedman_vaults_snaps, nicolae_vaults_arrows, special_room_vaults,
          hangedman_vaults_trim, vaults_mumra_minichess_inversion, v_misc_4,
          v_misc_26, v_misc_15, nicolae_vaults_diagonal_hallway_7,
          nicolae_vaults_little_squares_5, uniq_jorgrun
Vaults:4: v_misc_1, st_squares, v_misc_2, vaults_mumra_hexcomb,
          hangedman_vaults_stagger, v_pattern_4, vaults_room_door_hall,
          nicolae_vaults_shelves_hall
Crypt:3:  quadcrypt_mu
Depths:1: grunt_hell_horde, nrook_mini_vaults, hangedman_decor_points,
          minmay_misc_feat_more_columns, serial_sigils_hangedman_shear,
          kennysheep_cluttered_room, minmay_shop_star
Depths:2: hangedman_box_tower, enter_ziggurat_e, hell_entry
Depths:3: vault_1, hell_entry, rand_demon_pan_entry_4, serial_shops,
          nicolae_shop_trees, nicolae_shop_crystal, nicolae_shop_waterfront,
          shop, uniq_xtahua
Depths:4: impenetrable_vault, nemelex_xobeh_ov_fountains_minmay,
          minmay_room_of_horrors, pf_hell_entry_tar_river, st_stairs_13,
          minmay_misc_feat_secret_circle, infiniplex_staircase_pool_2
Depths:5: lemuel_castle_with_subvaults, hell_entry, abyss_entry,
          serial_sigils_hangedman_snap, uniq_mennas, uniq_frederick
Geh:3:    nicolae_geh_fiery_graves
Geh:4:    door_vault
Zot:4:    hangedman_snake_sidewinding
Abyss:1:  grunt_abyss_exit_deep_breaths
Abyss:3:  nicolae_abyss_rune_left_handed
Pan:      evilmike_mini_pan_corridor, evilmike_holy_pan, rand_demon_1,
          nicolae_pan_sick_transit, nicolae_pan_gloorx_vloqian_4, rand_demon_6,
          evilmike_mini_pan_T, nicolae_pan_sigil_eeng, evilmike_mini_pan_thingy,
          rand_demon_6, nicolae_pan_strange_glyphs, rand_demon_1,
          pan_disco_hall, pan_blood_fountain_small, special_room, rand_demon_7,
          nicolae_pan_diamonds, pan_blood_fountain_2, reaverb_pan_chaos_star,
          evilmike_mini_pan_possible_glass, pan_blood_fountain, mnoleg_st,
          pan_blood_fountain_small, evilmike_mini_pan_branches,
          evilmike_mini_pan_pillars, evilmike_mini_pan_layers, lom_lobon_st,
          cerebov_st, uniq_lom_lobon, pan_blood_fountain, rand_demon_4,
          uniq_lom_lobon, evilmike_mini_pan_pillars, uniq_cerebov,
          gloorx_vloq_grunt, uniq_lom_lobon, pan_blood_fountain_2,
          nicolae_pan_glass_arcs, uniq_lom_lobon, rand_demon_1, uniq_cerebov,
          uniq_lom_lobon, evilmike_mini_pan_T, uniq_cerebov, uniq_gloorx_vloq,
          grunt_pan_zigzag, nicolae_pan_mnolegish_1, grunt_pan_pentagram,
          pan_blood_fountain_small, evilmike_mini_pan_thingy,
          pan_blood_fountain, nicolae_pan_lom_lobonic_2,
          evilmike_mini_pan_corridor, uniq_lom_lobon, uniq_cerebov,
          evilmike_mini_pan_V, uniq_cerebov, reaverb_pan_squares,
          nicolae_pan_sigil_obb, nicolae_pan_sick_transit,
          nicolae_pan_cerebovesque_2, evilmike_mini_pan_other_thingy,
          nicolae_pan_gloorx_vloqian_1
Lab:      nicolae_lab_checkerboard
Trove:    trove_library
IceCv:    ice_cave_tombish
WizLab:   wizlab_lehudib

Skill      XL: |  1  2  3  4  5  6  7  8  9 10 11 12 13 14 15 16 17 18 19 20 21 22 23 24 25 26 27 |
---------------+----------------------------------------------------------------------------------+-----
Armour         | 2 3 4 6 7 8 11 12 13 14 15 16 18 19 | 19.2
Fighting       | 5 6 7 8 9 11 14 16 18 19 20 21 22 23 25 26 | 26.9
Dodging        | 2 3 4 5 6 7 8 10 11 12 14 15 16 17 | 17.1
Short Blades   | 5 9 11 12 13 14 | 14.0
Throwing       | 3 |  3.4
Maces & Flails | 8 13 16 18 19 20 | 20.4
Evocations     | 5 14 | 14.9
Spellcasting   | 17 | 17.4
Necromancy     | 18 | 18.0
Shields        | 14 | 14.7
Translocations | 4 |  4.0
Stealth        | 9 |  9.0
Crossbows      | 11 | 11.1
Unarmed Combat | |  1.0

Action                   |  1- 3 |  4- 6 |  7- 9 | 10-12 | 13-15 | 16-18 | 19-21 | 22-24 | 25-27 || total
-------------------------+-------+-------+-------+-------+-------+-------+-------+-------+-------++-------
Melee: Unarmed           |    37 |       |       |       |       |       |       |       |     8 ||    45
       Whip              |   127 |   124 |       |       |       |       |       |       |       ||   251
       Dagger            |     2 |   113 |   100 |    65 |     4 |       |       |       |       ||   284
       Rapier            |       |       |   202 |   672 |  2352 |  1237 |       |       |       ||  4463
       Punch             |       |       |       |     5 |     4 |       |       |       |       ||     9
       Eveningstar       |       |       |       |       |       |  1336 |   221 |       |  3284 ||  4841
       Great mace        |       |       |       |       |       |       |  1228 |  1539 |  2963 ||  5730
 Fire: Blowgun           |       |    53 |   105 |    10 |    12 |   252 |    17 |       |       ||   449
       Hunting sling     |       |       |       |     5 |       |       |       |       |       ||     5
       Hand crossbow     |       |       |       |       |       |       |       |       |     4 ||     4
Throw: Throwing net      |       |       |     3 |       |     4 |     1 |       |       |       ||     8
       Stone             |       |       |       |    11 |    41 |       |       |       |       ||    52
       Javelin           |       |       |       |       |    12 |    13 |       |       |       ||    25
       Tomahawk          |       |       |       |       |     6 |    17 |     9 |       |     4 ||    36
 Cast: Vampiric Draining |       |       |       |       |       |       |       |       |    11 ||    11
       Control Undead    |       |       |       |       |       |       |       |       |     5 ||     5
       Death Channel     |       |       |       |       |       |       |       |       |     5 ||     5
Invok: Potion Petition   |       |       |       |       |     4 |     3 |     3 |     3 |    35 ||    48
       Call Merchant     |       |       |       |       |       |     2 |       |       |     3 ||     5
       Bribe Branch      |       |       |       |       |       |       |     1 |       |       ||     1
Evoke: Wand              |       |     2 |    13 |     2 |    19 |    24 |    15 |     3 |    11 ||    89
       Lamp of fire      |       |       |       |       |     5 |     4 |     1 |       |     4 ||    14
       Sack of spiders   |       |       |       |       |     2 |       |       |       |       ||     2
       Phantom mirror    |       |       |       |       |     1 |       |       |       |     3 ||     4
       Phial of floods   |       |       |       |       |       |       |       |       |     2 ||     2
       Box of beasts     |       |       |       |       |       |       |       |       |     2 ||     2
  Use: Scroll            |     9 |     1 |     5 |     6 |    13 |    22 |    15 |     4 |    57 ||   132
 Stab: Held in net/web   |       |       |     4 |       |     2 |       |       |       |       ||     6
       Sleeping          |       |       |     2 |    10 |     6 |       |       |       |     1 ||    19
       Distracted        |       |       |       |     1 |    15 |    16 |    11 |    10 |    93 ||   146
       Invisible         |       |       |       |       |     1 |       |       |       |       ||     1
       Confused          |       |       |       |       |       |     1 |       |       |       ||     1
Armor: Scale mail        |    74 |    59 |    73 |   198 |   297 |       |       |       |       ||   701
       Leather armour    |     3 |       |       |       |       |       |       |       |       ||     3
       Chain mail        |       |    50 |    54 |       |   406 |  1187 |   554 |   575 |  1524 ||  4350
Dodge: Dodged            |    83 |   112 |   121 |   322 |   679 |  1035 |   836 |  1051 |  4935 ||  9174
       Deflected         |       |       |       |       |       |       |       |       |   123 ||   123
Block: Shield            |       |       |       |       |   320 |  1169 |    70 |       |  2819 ||  4378
       Buckler           |       |       |       |       |       |    15 |       |       |       ||    15

Table legend:
 A = Turns spent in this place as a percentage of turns spent in the entire game.
 B = Non-inter-level travel turns spent in this place as a percentage of non-inter-level travel turns spent in the entire game.
 C = Inter-level travel turns spent in this place as a percentage of turns spent in this place.
 D = Turns resting spent in this place as a percentage of non-inter-level travel turns spent in this place.
 E = Turns spent auto-exploring this place as a percentage of non-inter-level travel turns spent in this place.
 F = Non-inter-level travel turns spent in this place divided by the number of levels of this place that you've seen.
                   A       B       C       D       E      F
               +-------+-------+-------+-------+-------+----------------------
         Total | 100.0 | 100.0 |   0.5 |   3.6 |   7.6 | 527.3
       Dungeon |  17.9 |  17.8 |   1.0 |   3.6 |   8.4 | 619.4
        Temple |   0.1 |   0.1 |   3.8 |   0.0 |  40.0 |  50.0
          Lair |   9.5 |   9.5 |   0.4 |   1.1 |   2.6 | 826.0
        Shoals |   5.2 |   5.2 |   0.4 |   2.4 |   3.9 | 685.0
   Spider Nest |   7.5 |   7.5 |   0.4 |   6.7 |  12.1 | 975.0
    Slime Pits |   2.4 |   2.4 |   0.6 |   3.8 |   0.8 | 253.4
  Orcish Mines |   8.3 |   8.3 |   0.3 |   1.7 |   0.3 | 2169.0
   Elven Halls |   5.0 |   5.0 |   0.5 |  10.5 |  15.4 | 865.7
        Vaults |   6.1 |   6.1 |   0.7 |   2.7 |  10.2 | 799.5
         Crypt |   3.2 |   3.2 |   0.5 |   3.9 |   7.4 | 554.0
        Depths |  10.4 |  10.4 |   0.5 |   4.7 |  23.0 | 1084.4
          Hell |   0.7 |   0.7 |   0.3 |   0.6 |   4.3 | 345.0
       Gehenna |   1.7 |   1.7 |   0.0 |   2.0 |   3.7 | 217.5
           Zot |   2.2 |   2.2 |   0.6 |   0.5 |  10.5 | 285.5
         Abyss |   4.3 |   4.4 |   0.0 |   1.9 |   0.1 | 568.8
   Pandemonium |  12.5 |  12.6 |   0.0 |   2.8 |   2.0 | 218.7
     Labyrinth |   0.4 |   0.4 |   0.0 |   4.5 |   0.0 | 223.0
         Trove |   0.1 |   0.1 |   0.0 |   0.0 |   1.4 |  71.0
      Ice Cave |   0.2 |   0.2 |   0.0 |   3.4 |   1.7 | 117.0
        Wizlab |   2.2 |   2.3 |   0.0 |   8.8 |   4.4 | 1180.0
               +-------+-------+-------+-------+-------+----------------------

Table legend:
 A = Kills in this place as a percentage of kills in entire the game.
 B = Kills by you in this place as a percentage of kills by you in the entire game.
 C = Kills by friends in this place as a percentage of kills by friends in the entire game.
 D = Other kills in this place as a percentage of other kills in the entire game.
 E = Experience gained in this place as a percentage of experience gained in the entire game.
 F = Experience gained in this place divided by the number of levels of this place that you have seen.
                   A       B       C       D       E      F
               +-------+-------+-------+-------+-------+----------------------
         Total | 100.0 | 100.0 | 100.0 | 100.0 | 100.0 | 26997.1
       Dungeon |  13.1 |  13.2 |  13.6 |   0.0 |   3.5 | 6187.2
          Lair |   6.1 |   6.2 |   4.5 |   0.0 |   2.7 | 11817.8
        Shoals |   3.6 |   3.7 |   0.0 |   0.0 |   3.1 | 20621.8
   Spider Nest |   5.7 |   5.7 |   9.1 |   3.4 |   4.0 | 26885.2
    Slime Pits |   3.2 |   3.3 |   0.0 |   0.0 |   3.8 | 20383.6
  Orcish Mines |   6.7 |   6.8 |   0.0 |   0.0 |   1.8 | 24063.0
   Elven Halls |   4.2 |   3.9 |   0.0 |  41.4 |   5.2 | 45917.3
        Vaults |  10.6 |  10.4 |  40.9 |  10.3 |  10.7 | 71405.8
         Crypt |   4.7 |   4.8 |   0.0 |   0.0 |   6.1 | 54392.3
        Depths |  12.2 |  12.1 |  13.6 |  20.7 |  16.9 | 90407.2
          Hell |   1.7 |   1.6 |   0.0 |   3.4 |   2.0 | 52273.0
       Gehenna |   3.7 |   3.7 |   4.5 |   3.4 |   3.0 | 19827.8
           Zot |   3.1 |   3.1 |   0.0 |   0.0 |   7.5 | 50365.8
         Abyss |   6.3 |   6.4 |   0.0 |   6.9 |   5.9 | 39347.0
   Pandemonium |  13.9 |  14.0 |  13.6 |  10.3 |  22.1 | 19679.2
     Labyrinth |   0.0 |   0.0 |   0.0 |   0.0 |   0.0 | 1098.0
      Ice Cave |   0.2 |   0.2 |   0.0 |   0.0 |   0.1 | 2770.0
        Wizlab |   0.8 |   0.9 |   0.0 |   0.0 |   1.7 | 45654.0
               +-------+-------+-------+-------+-------+----------------------

Vault maps used:
D:1:      moated_graveyard_arrival
D:4:      cheibrodos_pilgrimage, first_bread, grunt_gozag_breadcrumbs,
          uniq_menkaure
D:5:      serial_shops, kennysheep_mini, kennysheep_generic_room_4, uniq_edmund
D:6:      minmay_temple_entry_statues
D:7:      cheibrodos_fertilizer, bloody_makhleb, serial_shops,
          kennysheep_mini_moat
D:8:      dpeg_oklobed_lair, hangedman_pestilent_swarm, uniq_pikel
D:9:      lemuel_centaur_altar
D:11:     minivault_12
D:12:     orc_0_dummy
D:14:     david_vaults_3, enter_trove_0, uniq_josephine
D:15:     grunt_enter_depths_magical_seal, minmay_misc_feat_plants, uniq_nessos
Temple:   compressed_dpeg_circular_temple
Lair:1:   grunt_megastairs_3, lemuel_fruit_tree, infiniplex_staircase_pool,
          uniq_nergalle
Lair:2:   spider_nest_entry_a, grunt_megastairs_2
Lair:3:   serial_bayou_lagoon_a
Lair:4:   elwin_shoals_entry_rocks, lab_entry_generic, uniq_sonja
Lair:5:   minmay_slime_entry_oklob_enclosed, beast_lair_carwin_10, uniq_rupert
Lair:6:   hangedman_lair_caniforms_friends, guppyfry_lair_end_dragon
Shoals:1: portal_ice_cave_entry_ice_statue_two
Shoals:3: abandoned_shop
Shoals:4: shoals_end_grunt_ice, shoals_ilsuiw_ice
Spider:1: uniq_aizul, uniq_asterion
Spider:2: uniq_kirke, uniq_louise, uniq_donald, uniq_agnes
Spider:4: spider_rune_water, nicolae_spider_cling_ruins
Slime:2:  nicolae_slime_round_cave
Slime:3:  basic_altar
Slime:4:  uniq_dissolution
Orc:1:    orc_temple, nicolae_orc_tapped_out, uniq_urug
Orc:2:    pubby_orc_utopia, uniq_saint_roka
Elf:1:    hangedman_staggered_hall, mu_enter_wizlab_6,
          portal_desolation_entry_nicolae_nacl, spider_trap, minivault_19
Elf:2:    serial_shops, nicolae_shop_statue_plus, basic_stair_grate_trap
Elf:3:    minmay_elf_hall_dome, serial_shops, shop_fountains, shop_fountains,
          shop_fountains, shop
Vaults:1: v_rooms_2, v_misc_30, v_misc_10, nicolae_vaults_ring_of_whatevers,
          ontoclasm_vaults_gallery, nicolae_vaults_little_squares_2,
          ontoclasm_vaults_eye, hangedman_vaults_trim, vaults_room_pool,
          v_misc_18, ontoclasm_vaults_ring_small
Vaults:2: ontoclasm_vaults_twist, hangedman_vaults_corner,
          hangedman_vaults_unwind, grunt_vaults_twisty, v_misc_19, v_misc_14,
          blue_anna_dwarven_crypt, ontoclasm_vaults_loading_screen, v_misc_23,
          v_misc_12, vaults_room_corners, nicolae_vaults_specimen_jars
Vaults:3: v_misc_24, ontoclasm_vaults_bender, ontoclasm_vaults_pinch,
          hangedman_vaults_snaps, nicolae_vaults_arrows, special_room_vaults,
          hangedman_vaults_trim, vaults_mumra_minichess_inversion, v_misc_4,
          v_misc_26, v_misc_15, nicolae_vaults_diagonal_hallway_7,
          nicolae_vaults_little_squares_5, uniq_jorgrun
Vaults:4: v_misc_1, st_squares, v_misc_2, vaults_mumra_hexcomb,
          hangedman_vaults_stagger, v_pattern_4, vaults_room_door_hall,
          nicolae_vaults_shelves_hall
Crypt:3:  quadcrypt_mu
Depths:1: grunt_hell_horde, nrook_mini_vaults, hangedman_decor_points,
          minmay_misc_feat_more_columns, serial_sigils_hangedman_shear,
          kennysheep_cluttered_room, minmay_shop_star
Depths:2: hangedman_box_tower, enter_ziggurat_e, hell_entry
Depths:3: vault_1, hell_entry, rand_demon_pan_entry_4, serial_shops,
          nicolae_shop_trees, nicolae_shop_crystal, nicolae_shop_waterfront,
          shop, uniq_xtahua
Depths:4: impenetrable_vault, nemelex_xobeh_ov_fountains_minmay,
          minmay_room_of_horrors, pf_hell_entry_tar_river, st_stairs_13,
          minmay_misc_feat_secret_circle, infiniplex_staircase_pool_2
Depths:5: lemuel_castle_with_subvaults, hell_entry, abyss_entry,
          serial_sigils_hangedman_snap, uniq_mennas, uniq_frederick
Geh:3:    nicolae_geh_fiery_graves
Geh:4:    door_vault
Zot:4:    hangedman_snake_sidewinding
Abyss:1:  grunt_abyss_exit_deep_breaths
Abyss:3:  nicolae_abyss_rune_left_handed
Pan:      evilmike_mini_pan_corridor, evilmike_holy_pan, rand_demon_1,
          nicolae_pan_sick_transit, nicolae_pan_gloorx_vloqian_4, rand_demon_6,
          evilmike_mini_pan_T, nicolae_pan_sigil_eeng, evilmike_mini_pan_thingy,
          rand_demon_6, nicolae_pan_strange_glyphs, rand_demon_1,
          pan_disco_hall, pan_blood_fountain_small, special_room, rand_demon_7,
          nicolae_pan_diamonds, pan_blood_fountain_2, reaverb_pan_chaos_star,
          evilmike_mini_pan_possible_glass, pan_blood_fountain, mnoleg_st,
          pan_blood_fountain_small, evilmike_mini_pan_branches,
          evilmike_mini_pan_pillars, evilmike_mini_pan_layers, lom_lobon_st,
          cerebov_st, uniq_lom_lobon, pan_blood_fountain, rand_demon_4,
          uniq_lom_lobon, evilmike_mini_pan_pillars, uniq_cerebov,
          gloorx_vloq_grunt, uniq_lom_lobon, pan_blood_fountain_2,
          nicolae_pan_glass_arcs, uniq_lom_lobon, rand_demon_1, uniq_cerebov,
          uniq_lom_lobon, evilmike_mini_pan_T, uniq_cerebov, uniq_gloorx_vloq,
          grunt_pan_zigzag, nicolae_pan_mnolegish_1, grunt_pan_pentagram,
          pan_blood_fountain_small, evilmike_mini_pan_thingy,
          pan_blood_fountain, nicolae_pan_lom_lobonic_2,
          evilmike_mini_pan_corridor, uniq_lom_lobon, uniq_cerebov,
          evilmike_mini_pan_V, uniq_cerebov, reaverb_pan_squares,
          nicolae_pan_sigil_obb, nicolae_pan_sick_transit,
          nicolae_pan_cerebovesque_2, evilmike_mini_pan_other_thingy,
          nicolae_pan_gloorx_vloqian_1
Lab:      nicolae_lab_checkerboard
Trove:    trove_library
IceCv:    ice_cave_tombish
WizLab:   wizlab_lehudib
